 Dungeon Crawl Stone Soup version 0.8.1 character file.

618006 WereDictionary the Sensei (level 27, -10/208 HPs)
             Began as a Sludge Elf Transmuter on Aug 2, 2011.
             Was the Champion of Makhleb.
             Mangled by an Orb Guardian (33 damage)
             ... on Level 5 of the Realm of Zot on Aug 4, 2011.
             The game lasted 11:36:45 (111476 turns).

WereDictionary the Sensei (Sludge Elf Transmuter) Turns: 111476, Time: 11:36:45

HP -10/208       AC 14     Str 16 Exp: 27/1689080 (4456)
MP  27/38        EV 29     Int 22      God: Makhleb [******]
Gold 5190        SH  0     Dex 21      Spells: 15 memorised,  3 levels left

Res.Fire  : + + .   See Invis. : +   U - melded +9 rod of warding (17/17)
Res.Cold  : + + +   Warding    : . . b - +3 elf leather armour {rF+}
Life Prot.: + . .   Conserve   : .   S - melded +3 elf buckler {rC+}
Res.Acid. : . . .   Res.Corr.  : .   W - +3 helmet of Guma Tea {rC+ SInv}
Res.Poison: +       Clarity    : .   e - +0 cloak of Restlessness {rElec rC+}
Res.Elec. : +       Spirit.Shd : .   G - melded +2 pair of gauntlets {Str+3}
Sust.Abil.: . .     Stasis     : .   o - +2 pair of boots {Stlth+}
Res.Mut.  : +       Ctrl.Telep.: .   Q - amulet of the Median {rMut Dam+2 SInv}
Res.Rott. : .       Levitation : +   M - ring "Natyoqyu" {+Blink rF+ rC++ rN+ EV-3}
Saprovore : . . .   Ctrl.Flight: +   Y - ring of the Thirteen Wars {rPois Str+3 Dex

@: blade hands, regenerating, flying, very slightly glowing, hasted, very quick,
very resistant to hostile enchantments, extremely stealthy
A: cold resistance 1, -10% mp, Str +2, Int -1
a: End Transformation, Minor Destruction, Lesser Servant of Makhleb, Major
Destruction, Greater Servant of Makhleb, Renounce Religion, Evoke Blink


You were on level 5 of the Realm of Zot.
You worshipped Makhleb.
Makhleb was exalted by your worship.
You were hungry.
Your hands were blades.
You visited 13 branches of the dungeon, and saw 77 of its levels.
You visited 1 Labyrinth.
You visited 5 portal chambers: ossuary, ice cave, spiders nest, bailey, wizlab.

You collected 9759 gold pieces.
You spent 4589 gold pieces at shops.

Inventory:

Hand weapons
 g - a +7,+2 quick blade
Armour
 b - a +3 elven leather armour of fire resistance (worn)
 e - the +0 cloak of Restlessness (worn) {rElec rC+}
   (You bought it in a shop on level 1 of the Vaults)

   It protects you from cold.
   It insulates you from electricity.
 o - a +2 pair of boots of stealth (worn)
 G - a +2 pair of gauntlets of strength (melded)
 S - a +3 elven buckler of cold resistance (melded)
 W - the +3 helmet of Guma Tea (worn) {rC+ SInv}
   (You bought it in a shop on level 15 of the Dungeon)

   It protects you from cold.
   It enhances your eyesight.
Magical devices
 c - a wand of disintegration (6)
 p - a wand of healing (9)
 A - a wand of teleportation (11)
 I - a wand of digging (6)
 X - a wand of hasting (7)
Comestibles
 d - 5 bread rations
 w - 2 royal jellies
Scrolls
 j - a scroll of detect curse
 v - 2 scrolls of blinking
 x - 3 scrolls of identify
 z - 3 scrolls of remove curse
 B - 2 scrolls of teleportation
Jewellery
 f - an uncursed ring of protection from fire
 q - an uncursed ring of sustenance
 t - an uncursed ring of teleportation
 y - an uncursed ring of levitation
 C - the ring "Duemyto" {SustAb +Blink Int+2}
   (You bought it in a shop on level 5 of the Vaults)

   [ring of sustain abilities]

   It affects your intelligence (+2).
   It lets you blink.
 F - an uncursed amulet of conservation
 L - an uncursed amulet of resist corrosion
 M - the ring "Natyoqyu" (right hand) {+Blink rF+ rC++ rN+ EV-3}
   (You found it in a spider's nest)

   [ring of evasion]

   It affects your evasion (-3).
   It protects you from fire.
   It greatly protects you from cold.
   It protects you from negative energy.
   It lets you blink.
 N - the ring "Plec" {Str+1 Dex+4 Int+2 MP+9}
   (You bought it in a shop on level 8 of the Vaults)

   [ring of magical power]

   It affects your strength (+1).
   It affects your intelligence (+2).
   It affects your dexterity (+4).
 O - an uncursed amulet of clarity
 Q - the amulet of the Median (around neck) {rMut Dam+2 SInv}
   (You found it in Cigotuvi's Fleshworks)

   [amulet of resist mutation]

   It affects your damage-dealing abilities (+2).
   It enhances your eyesight.
 Y - the ring of the Thirteen Wars (left hand) {rPois Str+3 Dex+2}
   (You found it on level 5 of the Elven Halls)

   [ring of poison resistance]

   It affects your strength (+3).
   It affects your dexterity (+2).
Potions
 u - a potion of might
 D - 3 potions of heal wounds
 H - a potion of speed
 R - 4 potions of healing
 V - 3 potions of resistance
Magical staves
 E - a staff of wizardry
 U - a +9 rod of warding (17/17) (melded)
   (You found it in a Labyrinth)
Miscellaneous
 l - a silver rune of Zot
 m - the horn of Geryon
 n - a decaying rune of Zot
 r - a serpentine rune of Zot You had 4456 experience left.


   Skills:
 + Level 19 Fighting
 - Level 1 Maces & Flails
 - Level 1 Staves
 - Level 1 Throwing
 + Level 2 Armour
 + Level 23 Dodging
 + Level 13 Stealth
 + Level 10 Stabbing
 + Level 5 Shields
 + Level 5 Traps & Doors
 + Level 24 Unarmed Combat
 + Level 14 Spellcasting
 + Level 9 Charms
 + Level 12 Necromancy
 + Level 22 Transmutations
 - Level 2 Fire Magic
 - Level 9 Ice Magic
 - Level 3 Air Magic
 - Level 3 Earth Magic
 - Level 1 Poison Magic
 - Level 11 Invocations
 + Level 7 Evocations


You had 3 spell levels left.
You knew the following spells:

 Your Spells              Type           Power        Success   Level  Hunger
a - Fulsome Distillation  Trmt/Necr      N/A          Excellent   1    None
b - Evaporate             Fire/Trmt      #######...   Great       2    None
c - Spider Form           Pois/Trmt      #######...   Great       3    None
d - Blade Hands           Trmt           ########..   Excellent   5    Choko
e - Control Teleport      Chrm/Tloc      ######....   Fair        4    None
f - Summon Butterflies    Summ           ####.....    Fair        1    None
g - Condensation Shield   Ice/Trmt       #######...   Great       4    None
h - Repel Missiles Air/Chrm ######....     Very         Good        2    None
i - Stoneskin             Erth/Trmt      #######...   Excellent   2    None
j - Regeneration          Chrm/Necr      #######...   Great       3    None
k - Dispel Undead Necr    #######..      Very         Good        4    None
l - Swiftness Air/Chrm    ######....     Very         Good        2    None
m - Flight                Air/Chrm       ######....   Good        4    None
n - Haste                 Chrm           #######..    Poor        6    Honeycomb
o - Necromutation         Trmt/Necr      #######...   Poor        8    Ration

Dungeon Overview and Level Annotations

Branches:
Dungeon (27/27)            Temple (1/1) D:7             Orc (4/4) D:6
    Elf (5/5) Orc:3          Lair (8/8) D:11          Swamp (5/5) Lair:5
  Slime (0/6) Lair:8        Snake (5/5) Lair:4         Hive (2/2) D:11
  Vault (8/8) D:18          Blade (1/1) Vault:4       Crypt (5/5) Vault:4
   Tomb (0/3) Crypt:3         Dis (0/7) Hell            Geh (0/7) Hell
    Coc (0/7) Hell            Tar (0/7) Hell            Zot (5/5) D:27

Altars:
Ashenzari
Cheibriados
Elyvilon
Fedhas
Kikubaaqudgha
Makhleb
Nemelex Xobeh
Okawaru
Sif Muna
The Shining One
Trog
Vehumet
Xom
Yredelemnul
Zin
Beogh

Shops:
D:6: [ D:7: ( D:12: + D:15: %[ D:16: ( D:20: ( Orc:1: % Orc:3: + Orc:4: !*![ Elf:2: * Elf:4: / Snake:4: ( Vault:1: [ Vault:5: %=?=* Vault:8: /=

Portals:
Hell: D:21 D:22 D:23 D:24 D:25 D:26 D:27
Abyss: D:22 D:25 D:27
Pan: D:21 D:24 D:26
Ziggurat: D:24 (4520 gp) D:27 (4750 gp)

Annotations
D:24 1 exclusion


Innate Abilities, Weirdness & Mutations

You are agile (Dex +1).
Your flesh is cold resistant.
You are dopey (Int -1).
Your magical capacity is low (-10% MP).
Your muscles are strong (Str +1).
Your muscles are strong, but stiff (Str +1, Dex -1).


Message History

The Shadow Fiend completely misses you. The Shadow Fiend barely misses you.
The Orb Guardian barely misses you.
Drink which item? (? for menu, Esc to quit)
Okay, then.
Drink which item? (? for menu, Esc to quit)
You feel much better. The Orb Guardian hits you!
You die...

*** ############### ***,, *
##.............###* *,,,,
**...................#** *,,,*
....................,** *,,,*
*,.....................,,* *****
*...............1.?..$..,* **,,,
*#.............@X8......,***,,*,
*#........[...1L.......,*,,,,**
##...........1.......,,,,,,**
##.........../........,,*,,,,**
##...........(.........,,***,,*,
#.....................,,,* **,,,
#....................,,,,* **,,
##..................,,,,** **,,*
##..............,,,,,*** *,,**


You could see an electric golem, a Pit Fiend, an ancient lich, 2 Shadow Fiends
and an Orb Guardian.

Vanquished Creatures
  4 ancient liches
  4 orbs of fire (Zot:5)
  Mara (Vault:3)
  Margery (Blade)
  3 Killer Klowns
  Mennas (Swamp:4)
  Geryon (Hell)
  7 golden dragons
  2 illusory
  Maras (Vault:3)
  8 electric golems
  A Fiend (Elf:5)
  Xtahua (Crypt:1)
  Frederick (Crypt:5)
  10 Orb Guardians (Zot:5)
  Nikola (D:15)
  A curse skull (Crypt:4)
  2 quicksilver dragons (Vault:8)
  6 liches
  13 shadow dragons
  3 deep elf blademasters (Elf:5)
  7 sphinxes
  Kirke (Swamp:1)
  12 storm dragons
  2 titans (Vault:8)
  A sphinx (shapeshifter) (Vault:8)
  A Daeva (D:27)
  Agnes (Swamp:4)
  A draconian knight (Zot:3)
  Frances (Swamp:4)
  Roxanne (D:14)
  5 draconian monks
  Murray (Hell)
  2 Balrugs (Crypt:5)
  6 ghouls
  4 bone dragons
  Donald (Swamp:3)
  An Executioner (Elf:5)
  4 frost giants
  The ghost of melmothX the Sorcerer, a mighty DEWz of Sif Muna (Blade)
  Wiglaf (Vault:1)
  A draconian scorcher (Zot:5)
  Louise (D:17)
  3 draconian zealots
  Maud (D:14)
  Gastronok (Lair:5)
  52 stone giants
  2 azure jellies (D:22)
  12 tentacled monstrosities
  4 draconian annihilators
  A draconian shifter (Zot:3)
  3 draconian callers
  3 green draconians
  5 fire giants
  9 deep elf annihilators (Elf:5)
  5 deep elf death magi
  A Green Death (Elf:5)
  4 grey draconians
  14 greater nagas
  8 yellow draconians
  4 red draconians
  3 purple draconians
  4 mottled draconians
  A titan zombie (Crypt:4)
  A pale draconian (Zot:5)
  5 white draconians
  5 black draconians
  A great orb of eyes (Vault:5)
  2 deep elf master archers (Elf:5)
  6 deep elf sorcerers
  39 yaktaur captains
  A minotaur (Lab)
  2 vampire knights (Crypt:5)
  2 dragon zombies
  A minotaur (shapeshifter) (Vault:8)
  6 ettins
  An ettin (shapeshifter) (Vault:8)
  32 vault guards
  2 dragons
  A storm dragon skeleton (D:22)
  10 death cobs
  2 golden dragon zombies (Crypt:5)
  Erica (D:11)
  The ghost of mursu the Slicer, a powerful KoAs of Nemelex Xobeh (Port)
  5 ogre magi
  17 ice dragons
  13 hydras
  An anaconda skeleton (Crypt:3)
  4 death oozes (D:22)
  A shadow dragon zombie (Vault:8)
  An alligator snapping turtle (shapeshifter) (Vault:8)
  6 anacondas
  7 deep elf demonologists (Elf:5)
  11 alligators
  4 shadow dragon skeletons
  A fire giant zombie (Vault:4)
  An orc high priest (Vault:5)
  11 very ugly things
  A frost giant zombie (D:21)
  15 deep trolls
  A sphinx skeleton (Crypt:2)
  5 deep elf high priests
  2 stone giant zombies
  A death yak (shapeshifter) (Vault:8)
  28 centaur warriors
  A frost giant skeleton (Vault:2)
  10 stone giant skeletons
  4 iron golems (Crypt:5)
  4 death drakes (Zot:1)
  2 giant orange brains (shapeshifter)
  27 dancing weapons
  81 skeletal warriors
  3 shadow wraiths (Zot:5)
  An alligator (shapeshifter) (Vault:8)
  A sun demon (Elf:5)
  17 deep elf knights
  The ghost of mursu the Slicer, an experienced KoAs of Nemelex Xobeh (D:8)
  10 hell knights
  A mottled draconian zombie (Crypt:2)
  2 swamp dragons
  2 wizards
  4 griffons
  12 naga warriors
  A purple draconian zombie (Zot:5)
  A sea snake (shapeshifter) (Vault:8)
  A death yak zombie (Crypt:3)
  An unseen horror (shapeshifter) (Vault:8)
  An elf (Port)
  An iron troll zombie (Vault:2)
  6 flayed ghosts
  8 iron trolls
  8 unseen horrors
  2 ice statues (Port)
  A vampire mage (Crypt:2)
  2 giant amoebae
  3 ghost moths (shapeshifter)
  13 hill giants
  A death drake zombie (Crypt:1)
  A lindwurm (Lair:8)
  A hellion (Elf:4)
  12 orc sorcerers
  9 harpies (D:21)
  2 hill giants (shapeshifter)
  3 crystal golems (Crypt:5)
  Joseph (D:10)
  14 guardian serpents
  Urug (D:12)
  An iron troll skeleton (D:23)
  7 large large abominations (Port)
  24 orc knights
  2 guardian serpents (shapeshifter)
  4 spiny worms
  3 cyclopes (shapeshifter)
  6 phantasmal warriors
  3 harpy zombies
  2 sixfirhies
  7 necromancers
  9 cyclopes
  2 minotaur skeletons (Crypt:2)
  2 ettin zombies
  A hydra skeleton (D:14)
  4 red wasps
  An ice dragon zombie (D:17)
  2 harpy skeletons
  A fire crab (D:24)
  A stair mimic (D:21)
  A wolf spider (Port)
  2 spiny worms (shapeshifter) (Vault:8)
  12 moths of wrath
  A shining eye (Vault:6)
  4 trapdoor spider zombies (D:16)
  A beast (Hell)
  An alligator skeleton (Crypt:3)
  A red wasp (shapeshifter) (Elf:1)
  82 slime creatures
  A trapdoor spider (D:17)
  A spiny worm zombie (D:18)
  An elephant (shapeshifter) (Elf:5)
  2 rock trolls (shapeshifter)
  2 slime creatures (shapeshifter)
  2 weapon mimics
  20 black mambas
  15 rock trolls
  3 ettin skeletons
  A black mamba zombie (Crypt:5)
  An elf skeleton (Crypt:5)
  9 elephants
  A dragon skeleton (Crypt:1)
  78 yaktaurs
  6 orange demons
  5 guardian mummies
  9 hellwings
  A giant toad skeleton (Crypt:5)
  A queen ant zombie (Crypt:1)
  2 yaktaurs (shapeshifter)
  16 spiny frogs
  A mermaid (shapeshifter) (D:27)
  15 naga magi
  2 smoke demons
  6 redbacks
  128 ugly things
  2 spriggans (shapeshifter)
  A hill giant skeleton (Crypt:5)
  A yellow draconian simulacrum (Zot:5)
  2 queen bees
  3 silent spectres
  Sonja (D:12)
  10 komodo dragons
  20 trolls
  An agate snail zombie (Vault:2)
  3 deep troll zombies
  A raven zombie (Crypt:2)
  2 iron devils (Elf:5)
  6 bog mummies
  12 two-headed ogres
  2 human zombies
  3 rock troll zombies
  27 blink frogs
  6 baby alligators
  A human (Port)
  A raven (shapeshifter) (D:26)
  A brown ooze (shapeshifter) (D:21)
  2 brown oozes (D:22)
  A giant firefly (shapeshifter) (D:23)
  A baby alligator skeleton (Crypt:5)
  2 rock troll skeletons
  59 yaks
  7 small abominations
  A blue devil (Vault:7)
  A giant toad (shapeshifter) (D:21)
  2 redback zombies (D:16)
  A red wasp simulacrum (D:22)
  2 deep troll skeletons
  A spiny frog skeleton (Crypt:1)
  A hairy devil (Elf:2)
  A hog zombie (Crypt:2)
  2 blink frog zombies
  5 hogs (Swamp:1)
  3 vampires
  9 bumblebees
  A viper (shapeshifter) (Vault:8)
  19 deep elf conjurers
  4 ynoxinuls
  38 giant toads
  7 steam dragons (Swamp:5)
  20 wraiths
  5 fire drakes
  2 clay golems
  6 hungry ghosts
  17 deep elf summoners
  3 wyverns
  A blink frog skeleton (Crypt:4)
  49 vampire mosquitoes
  4 neqoxecs
  4 merfolk (shapeshifter)
  7 vipers
  3 fire crab zombies (D:16)
  24 deep elf fighters
  A swamp dragon skeleton (Crypt:4)
  9 mottled dragons
  A jumping spider zombie (Crypt:2)
  9 hippogriffs
  4 war dogs (Lair:6)
  A yaktaur zombie (Vault:2)
  A manticore (shapeshifter) (Vault:6)
  5 manticores
  12 deep elf priests
  3 yaktaur skeletons
  A rock worm (D:15)
  35 necrophages
  12 insubstantial wisps
  43 swamp worms
  3 cyclops skeletons
  A redback simulacrum (D:20)
  17 freezing wraiths
  2 sky beasts
  5 phantoms
  15 swamp drakes
  A human (shapeshifter) (Vault:7)
  A red devil (Elf:5)
  2 hippogriff zombies
  51 orc warriors
  Menkaure (D:7)
  5 gila monsters
  A troll zombie (Crypt:4)
  A yellow wasp (D:14)
  29 ice beasts
  2 bumblebee zombies
  10 giant goldfish
  55 nagas
  31 ogres
  A rock worm zombie (Crypt:2)
  3 boring beetles
  12 crocodiles
  A hippogriff skeleton (Crypt:5)
  20 wargs
  A wolf zombie (Crypt:3)
  Duvessa (D:7)
  3 big kobolds
  15 deep elf magi
  9 giant slugs
  A lava worm (Swamp:5)
  62 centaurs
  2 boulder beetle zombies
  10 giant leeches
  A draconian (shapeshifter) (Elf:1)
  8 agate snails
  4 soldier ant zombies
  26 water moccasins
  A centaur zombie (Crypt:1)
  Blork the orc (D:8)
  A warg zombie (Crypt:2)
  34 giant frogs
  A giant frog skeleton (Crypt:2)
  A water moccasin skeleton (Crypt:1)
  4 elves (shapeshifter)
  2 eyes of draining
  5 boulder beetles
  19 jellyfish
  186 killer bees
  13 electric eels
  4 big kobold zombies
  19 pulsating lumps (Port)
  A pulsating lump (shapeshifter) (Elf:5)
  A quasit (D:14)
  2 brain worm zombies
  4 lava fish (Swamp:5)
  3 gila monster zombies
  20 wights
  3 big kobold skeletons
  A crocodile skeleton (Crypt:2)
  2 gila monster skeletons
  3 goliath beetles
  Dowan (D:7)
  2 dwarf skeletons
  7 hounds
  A mottled dragon skeleton (Vault:5)
  10 big fish
  13 imps
  2 iron imps (Elf:5)
  3 hound zombies
  13 shadows
  A soldier ant simulacrum (D:17)
  16 spiders
  28 orc priests
  A lava snake (Hell)
  46 deep elf soldiers
  46 orc wizards
  4 hound skeletons
  2 naga skeletons
  5 scorpions
  6 porcupines
  11 iguanas
  16 orange rats
  2 orange rat zombies
  16 worker ants
  15 sheep
  2 worker ant zombies
  2 orange rat skeletons (Crypt:4)
  A swamp drake skeleton (Crypt:1)
  Ijyb (D:3)
  8 jellies
  5 boggarts (Vault:1)
  2 goliath beetle zombies
  8 mummies
  28 flying skulls
  A lemure (Elf:5)
  4 gnolls (D:7)
  4 giant centipedes
  58 green rats
  A midge (Elf:5)
  2 giant centipede zombies
  A scorpion zombie (Crypt:2)
  10 elf zombies
  2 giant mites
  3 shadow imps
  A sheep skeleton (Crypt:3)
  36 snakes
  A snake skeleton (D:5)
  A snake zombie (D:7)
  4 worms
  An iguana skeleton (Crypt:2)
  A sheep zombie (Crypt:3)
  A porcupine skeleton (Crypt:5)
  16 ufetubi
  2 bat skeletons (Crypt:1)
  4 giant eyeballs
  6 gnoll zombies (Port)
  4 green rat zombies (D:12)
  2 megabat skeletons
  7 giant geckos
  5 gnoll skeletons (Port)
  7 oozes
  223 orcs
  8 giant cockroaches
  24 goblins
  25 grey rats
  24 hobgoblins
  37 jackals
  10 quokkas
  5 small snakes
  12 giant newts
  A giant newt (shapeshifter) (Vault:8)
  2 giant spores
  A goblin skeleton (Port)
  2 goblin zombies (Port)
  A grey rat skeleton (Crypt:4)
  A grey rat zombie (D:12)
  3 hobgoblin skeletons (Port)
  5 hobgoblin zombies (Port)
  50 killer bee larvae
  34 kobolds
  6 kobold skeletons (Port)
  3 kobold zombies (Port)
  58 megabats
  10 orc skeletons
  11 orc zombies
  A quokka skeleton (Crypt:3)
  A quokka zombie (D:7)
  69 rats
  3 rat skeletons (Port)
  8 rat zombies
  A small snake skeleton (Crypt:5)
  15 ballistomycetes
  7 fungi
  19 plants
  33 toadstools
3841 creatures vanquished.

Vanquished Creatures (collateral kills)
  Saint Roka (Swamp:3)
  A player illusion (Vault:3)
  2 ghouls (Crypt:1)
  An orc knight (D:19)
  4 oklob plants (Hive:2)
  A baby alligator zombie (Crypt:1)
  A giant toad (D:10)
  A yak (D:10)
  A mummy (D:19)
  An orc (D:19)
14 creatures vanquished.

Vanquished Creatures (others)
  An Executioner (Elf:5)
  A Cacodemon (Elf:5)
  A deep elf death mage (Elf:5)
  A Green Death (Crypt:1)
  2 hydras (Swamp:5)
  A guardian serpent (Snake:5)
  A guardian serpent (shapeshifter) (Elf:3)
  31 slime creatures
  A hellwing (D:20)
  2 komodo dragons (Zot:1)
  A human (Swamp:1)
  2 fire drakes
  A deep elf fighter (Elf:5)
  A swamp worm (Swamp:5)
  A water moccasin (Snake:4)
  An orc wizard (Orc:4)
  A deep elf soldier (Elf:5)
  A worker ant (D:14)
  2 snakes
  An ooze (D:22)
  A hobgoblin (D:1)
  A jackal (Lair:5)
  A killer bee larva (Hive:2)
  3 kobolds
  A megabat (Crypt:5)
  2 rats
  3 butterflies (Swamp:3)
  11 fungi
  2 plants
  90 toadstools
169 creatures vanquished.

Grand Total: 4024 creatures vanquished

Notes
Turn   | Place    | Note
--------------------------------------------------------------
     0 | D:1      | WereDictionary, the Sludge Elf Transmuter, began the quest for the Orb.
     0 | D:1      | Reached XP level 1. HP: 12/12 MP: 1/1
    18 | D:1      | Learned a level 1 spell: Fulsome Distillation
   269 | D:1      | Reached XP level 2. HP: 16/16 MP: 1/3
   274 | D:1      | Learned a level 2 spell: Evaporate
  1064 | D:1      | Reached XP level 3. HP: 12/22 MP: 4/5
  1069 | D:1      | Learned a level 3 spell: Spider Form
  2239 | D:2      | Reached skill level 4 in Unarmed Combat
  2351 | D:2      | Reached skill level 1 in Stealth
  2499 | D:2      | Found a radiant altar of Vehumet.
  3245 | D:2      | Reached XP level 4. HP: 24/26 MP: 6/7
  3270 | D:3      | Noticed Ijyb
  3296 | D:3      | Defeated Ijyb
  3451 | D:3      | Reached skill level 1 in Throwing
  4074 | D:3      | Reached skill level 1 in Necromancy
  5249 | D:4      | Reached XP level 5. HP: 30/33 MP: 5/8
  5397 | D:5      | Entered Level 5 of the Dungeon
  5611 | D:5      | Reached skill level 5 in Unarmed Combat
  5755 | D:5      | Reached XP level 6. HP: 38/38 MP: 8/11
  6467 | D:5      | Found a basalt altar of Yredelemnul.
  6664 | D:5      | Reached XP level 7. HP: 33/45 MP: 8/14
  6675 | D:5      | Reached skill level 6 in Unarmed Combat
  6849 | D:6      | Reached skill level 1 in Stabbing
  6864 | D:5      | Gained mutation: You are agile (Dex +1).
  7010 | D:6      | Reached skill level 5 in Dodging
  7094 | D:6      | Found Caubb's Armour Emporium.
  7198 | D:6      | Reached skill level 5 in Transmutations
  7320 | D:6      | Found a staircase to the Orcish Mines.
  7431 | D:6      | Bought a +1 pair of dwarven boots for 141 gold pieces
  7437 | D:6      | Bought a +0 cloak for 22 gold pieces
  7437 | D:6      | Bought a +0 cap of see invisible for 150 gold pieces
  7560 | D:6      | Learned a level 5 spell: Blade Hands
  8027 | D:7      | Found a sand-covered staircase. 8036
                  | ossuary
                  | Entered a tomb 8321
                  | ossuary
                  | Reached skill level 7 in Unarmed Combat 8896
                  | ossuary
                  | Reached skill level 1 in Poison Magic 9006
                  | ossuary
                  | Gained mutation: Your muscles are strong (Str +1).
  9020 | D:7      | Noticed Dowan
  9023 | D:7      | Noticed Duvessa
  9419 | D:6      | Reached skill level 1 in Armour
  9448 | D:7      | Noticed Menkaure
  9452 | D:7      | Defeated Menkaure
  9452 | D:7      | Reached XP level 8. HP: 47/49 MP: 15/16
  9552 | D:7      | Identified a scroll of acquirement
  9555 | D:7      | Got a twisted robe
  9641 | D:6      | Identified the +3 robe "Quaqua" (You acquired it on level 7 of the Dungeon)
  9894 | D:7      | Found a snail-covered altar of Cheibriados.
  9895 | D:7      | Found Siloshuli's Antique Weapon Shoppe.
 10004 | D:7      | Gained mutation: Your flesh is cold resistant.
 10004 | D:7      | Gained mutation: Your muscles are strong, but stiff (Str +1, Dex -1).
 10025 | D:7      | Defeated Dowan
 10052 | D:7      | Defeated Duvessa
 10056 | D:7      | Reached skill level 1 in Fire Magic
 10144 | D:7      | Reached skill level 8 in Unarmed Combat
 10235 | D:7      | Reached XP level 9. HP: 43/58 MP: 17/18
 10341 | D:7      | Found a staircase to the Ecumenical Temple.
 10357 | Temple   | Entered the Ecumenical Temple
 10364 | Temple   | Became a worshipper of Makhleb the Destroyer
 11048 | D:8      | Gained mutation: You are agile (Dex +2).
 11172 | D:8      | Reached skill level 1 in Traps & Doors
 11175 | D:8      | Reached skill level 9 in Unarmed Combat
 11179 | D:8      | Acquired Makhleb's first power
 11351 | D:8      | Noticed mursu's ghost (experienced KoAs)
 11384 | D:8      | Defeated mursu's ghost
 11709 | D:8      | Noticed Blork the orc
 11733 | D:8      | Defeated Blork the orc
 11744 | D:8      | Reached XP level 10. HP: 35/63 MP: 16/19
 12155 | D:9      | Learned a level 4 spell: Ice Form
 12199 | D:9      | Reached skill level 5 in Fighting
 12777 | D:9      | Reached skill level 10 in Unarmed Combat
 12846 | D:9      | Found a glowing silver altar of Zin.
 13402 | D:10     | Entered Level 10 of the Dungeon
 13512 | D:10     | Acquired Makhleb's second power
 13981 | D:10     | Noticed Joseph
 14000 | D:10     | Defeated Joseph
 14081 | D:10     | Learned a level 1 spell: Summon Butterflies
 14110 | D:10     | Reached skill level 11 in Unarmed Combat
 14246 | D:10     | Reached XP level 11. HP: 69/73 MP: 20/21
 14300 | D:10     | Acquired Makhleb's third power
 14389 | D:10     | Reached skill level 12 in Unarmed Combat
 14424 | D:11     | Found a staircase to the Lair.
 14553 | D:11     | Noticed Erica
 14566 | D:11     | Defeated Erica
 14923 | D:11     | Found a staircase to the Hive.
 15063 | D:11     | Acquired Makhleb's fourth power
 15375 | Hive:1   | Entered Level 1 of the Hive
 15477 | Hive:2   | Entered Level 2 of the Hive
 15483 | Hive:2   | Reached skill level 1 in Ice Magic
 15559 | Hive:1   | Reached skill level 5 in Spellcasting
 15564 | Hive:1   | Reached skill level 10 in Transmutations
 15568 | Hive:1   | Reached skill level 10 in Dodging
 15844 | Hive:1   | Acquired Makhleb's fifth power
 16131 | Hive:2   | Reached skill level 13 in Unarmed Combat
 16162 | Hive:2   | Reached skill level 5 in Stealth
 16374 | Hive:2   | Reached XP level 12. HP: 81/81 MP: 14/24
 16622 | Hive:2   | Reached skill level 1 in Evocations
 16857 | Hive:2   | Learned a level 4 spell: Condensation Shield
 16926 | Lair:1   | Entered Level 1 of the Lair of Beasts
 17019 | Lair:1   | Found a labyrinth entrance.
 17026 | Lab      | Entered a Labyrinth
 17622 | Lab      | Got a blackened book
 17649 | Lab      | Identified Azrael's Guide on Combat Magic and Ignition (You found it in a Labyrinth)
 17667 | Lair:1   | Identified a +5 rod of warding (13/13) (You found it in a Labyrinth)
 17961 | Lair:1   | Reached skill level 14 in Unarmed Combat
 19108 | Lair:2   | Reached skill level 1 in Staves
 20582 | Lair:4   | Found a staircase to the Snake Pit.
 20609 | Lair:4   | Reached XP level 13. HP: 88/88 MP: 27/27
 21583 | Lair:4   | Reached skill level 1 in Invocations
 21971 | Lair:5   | Noticed Gastronok
 22057 | Lair:5   | Defeated Gastronok
 22124 | Lair:5   | Got a slimy wizard hat
 22132 | Lair:4   | Identified the +3 hat of Pondering (You took it off Gastronok on level 5 of the Lair of Beasts)
 22137 | Snake:1  | Entered Level 1 of the Snake Pit
 22398 | Lair:5   | Got a fine helmet
 22404 | Lair:5   | Identified the +1 helmet of Day (You acquired it on level 5 of the Lair of Beasts)
 22672 | Lair:5   | Found a staircase to the Swamp.
 23697 | Lair:7   | Found a frozen archway.
 23747 | Lair:7   | Reached skill level 15 in Unarmed Combat
 23767 | IceCv    | Entered an ice cave
 24411 | IceCv    | Noticed mursu's ghost (powerful KoAs)
 24420 | IceCv    | Defeated mursu's ghost
 24420 | IceCv    | Reached XP level 14. HP: 96/96 MP: 27/27
 24864 | Lair:7   | Found an ancient bone altar of Kikubaaqudgha.
 24927 | Lair:7   | Found a crumbling entrance.
 24936 | Spider   | Entered a spider's nest
 25079 | Spider   | Got a faintly glowing bronze ring
 25113 | Spider   | Got a steaming steel amulet
 25117 | Spider   | Identified the amulet of Nucvasm (You found it in a spider's nest)
 25117 | Spider   | Identified the cursed ring "Natyoqyu" (You found it in a spider's nest)
 26406 | Lair:8   | Entered Level 8 of the Lair of Beasts
 26679 | Lair:8   | Reached skill level 10 in Fighting
 27006 | Lair:8   | Found a staircase to the Slime Pits.
 27482 | Lair:8   | Reached skill level 5 in Ice Magic
 28227 | Orc:1    | Entered Level 1 of the Orcish Mines
 28335 | Orc:1    | Found Qexta's Food Emporium.
 28344 | Orc:1    | Found a flagged portal. 28397
                  | bailey
                  | Entered the bailey
 29659 | Orc:3    | Found Hiygeyx's Book Emporium.
 29662 | Orc:3    | Found a staircase to the Elven Halls.
 29750 | Orc:3    | You fall through a shaft!
 29750 | Orc:4    | Entered Level 4 of the Orcish Mines
 30555 | Orc:4    | Found Prumnyuw's Distillery.
 30599 | Orc:4    | Bought a potion of berserk rage for 39 gold pieces
 30600 | Orc:4    | Bought a potion of paralysis for 1 gold piece
 30601 | Orc:4    | Bought a potion of heal wounds for 39 gold pieces
 30607 | Orc:4    | Found Eruutidghini's Assorted Antiques.
 30697 | Orc:4    | Found a roughly hewn altar of Beogh.
 30961 | Orc:4    | Reached XP level 15. HP: 66/108 MP: 29/29
 31152 | Orc:4    | Found Alaleari's Distillery.
 31152 | Orc:4    | Found Psuor's Antique Armour Boutique.
 31211 | Orc:4    | Bought 2 potions of speed for 60 gold pieces
 31221 | Orc:4    | Bought a pair of embroidered gloves for 36 gold pieces
 31221 | Orc:4    | Bought a runed robe for 21 gold pieces
 31796 | Orc:3    | Reached skill level 5 in Stabbing
 31983 | Orc:3    | Bought a book of Minor Magic for 300 gold pieces
 31987 | Orc:3    | Learned a level 2 spell: Repel Missiles
 33364 | D:12     | Found Psue's Book Shop.
 33588 | D:12     | Noticed Urug
 33591 | D:12     | Noticed Sonja
 33600 | D:12     | Defeated Urug
 33603 | D:12     | Defeated Sonja
 34737 | D:14     | Noticed Maud
 34745 | D:14     | Defeated Maud
 34840 | D:14     | Noticed Roxanne
 35017 | D:14     | Defeated Roxanne
 35026 | D:14     | Got a droning book
 35027 | D:14     | Identified Roxanne's Reference Book on Shape Shifting and the Blaze (You took it off Roxanne on level 14 of the Dungeon)
 35751 | D:14     | Reached skill level 1 in Air Magic
 35912 | D:14     | Reached skill level 1 in Charms
 35993 | D:14     | Reached skill level 15 in Transmutations
 36493 | D:15     | Entered Level 15 of the Dungeon
 36534 | D:15     | Found Ufeadil's Food Emporium.
 36646 | D:15     | Learned a level 2 spell: Stoneskin
 36899 | D:15     | Reached XP level 16. HP: 100/116 MP: 30/31
 36997 | D:15     | Found Ugiuz's Armour Shop.
 37034 | D:15     | Bought the +3 helmet of Guma Tea {rC+ SInv} for 853 gold pieces
 37063 | D:15     | Noticed Nikola
 37343 | Swamp:1  | Entered Level 1 of the Swamp
 37642 | Swamp:1  | Noticed Kirke
 37783 | Swamp:1  | Defeated Kirke
 37833 | Swamp:1  | Reached skill level 15 in Dodging
 38139 | Swamp:1  | Found a radiant altar of Vehumet.
 38974 | Swamp:2  | Reached skill level 5 in Invocations
 39839 | Swamp:3  | Noticed Saint Roka
 39990 | Swamp:3  | Noticed Donald
 40346 | Swamp:2  | Reached skill level 1 in Earth Magic
 40721 | Swamp:3  | Identified a +0 rod of venom (13/13) (You found it on level 3 of the Swamp)
 41172 | Swamp:3  | Defeated Donald
 42288 | Swamp:3  | Got a faintly glowing ring mail
 42468 | Swamp:3  | Defeated Saint Roka
 42468 | Swamp:3  | Reached XP level 17. HP: 80/121 MP: 11/33
 42970 | Swamp:3  | Reached skill level 16 in Transmutations
 43166 | Swamp:4  | Noticed Agnes
 43188 | Swamp:4  | Defeated Agnes
 43726 | Swamp:4  | Noticed Mennas
 44498 | D:15     | Defeated Nikola
 45136 | D:16     | Found Rotegos' Antique Weapon Boutique.
 45550 | D:17     | Noticed Louise
 45575 | D:17     | Defeated Louise
 46252 | D:17     | Reached XP level 18. HP: 131/131 MP: 33/34
 47100 | D:18     | Found a staircase to the Vaults.
 48135 | Vault:1  | Entered Level 1 of the Vaults
 48373 | Vault:1  | Noticed Wiglaf
 48405 | Vault:1  | Defeated Wiglaf
 48437 | Vault:1  | Found Streakk's Antique Armour Boutique.
 48622 | Vault:1  | Bought a pair of glowing elven boots for 59 gold pieces
 48622 | Vault:1  | Bought a motley cloak for 198 gold pieces
 48622 | Vault:1  | Bought an encrusted cloak for 198 gold pieces
 48641 | Vault:1  | Identified the +1 ratskin cloak (You bought it in a shop on level 1 of the Vaults)
 48644 | Vault:1  | Identified the +0 cloak of Restlessness (You bought it in a shop on level 1 of the Vaults)
 48723 | Vault:1  | Found a glowing silver altar of Zin.
 50391 | Vault:2  | Got a steaming sling
 50435 | Vault:2  | Identified the cursed sling of the Illusory Eyes {speed, rF+} (You found it on level 2 of the Vaults)
 50481 | Vault:2  | Reached XP level 19. HP: 137/137 MP: 34/34
 50880 | Vault:3  | Noticed Mara
 52032 | Vault:3  | Noticed WereDictionary's ghost (mighty SETm)
 52781 | Vault:3  | Noticed WereDictionary's ghost (mighty SETm)
 52798 | Vault:3  | Defeated Mara
 52812 | Vault:3  | Defeated WereDictionary's illusion
 52939 | Vault:3  | Reached skill level 17 in Transmutations
 53002 | Vault:4  | Found a staircase to the Crypt.
 53002 | Vault:4  | Found an ancient bone altar of Kikubaaqudgha.
 53003 | Vault:4  | Found a basalt altar of Yredelemnul.
 53088 | Vault:4  | Reached skill level 10 in Stealth
 53362 | Vault:4  | Found a staircase to the Hall of Blades.
 54362 | Crypt:1  | Entered Level 1 of the Crypt
 54422 | Crypt:1  | Reached skill level 10 in Invocations
 54662 | D:12     | Bought a book of Necromancy for 480 gold pieces
 54668 | D:12     | Learned a level 3 spell: Regeneration
 54673 | D:12     | Learned a level 4 spell: Dispel Undead
 54855 | Orc:4    | Bought a potion of heal wounds for 36 gold pieces
 54855 | Orc:4    | Bought 2 potions of healing for 48 gold pieces
 54855 | Orc:4    | Bought a potion of healing for 24 gold pieces
 54855 | Orc:4    | Bought 2 potions of speed for 60 gold pieces
 54855 | Orc:4    | Bought a potion of might for 30 gold pieces
 55343 | Crypt:1  | Noticed Xtahua
 55373 | Crypt:1  | Reached XP level 20. HP: 143/143 MP: 35/35
 55392 | Crypt:1  | Defeated Xtahua
 57570 | Crypt:3  | Reached skill level 18 in Unarmed Combat
 57716 | Crypt:3  | Found a staircase to the Tomb.
 58939 | Crypt:4  | Reached XP level 21. HP: 117/150 MP: 36/36
 59815 | Crypt:4  | Reached skill level 10 in Spellcasting
 60024 | Crypt:5  | Entered Level 5 of the Crypt
 63202 | Snake:3  | Found a glowing golden altar of the Shining One.
 63590 | Snake:3  | Got an inconspicuous book
 63617 | Snake:3  | Identified the Compendium of Unstable Clay (You found it on level 3 of the Snake Pit)
 64229 | Snake:4  | Found Xawkejia's Weapon Shoppe.
 64585 | Snake:5  | Entered Level 5 of the Snake Pit
 64669 | Snake:4  | Reached skill level 19 in Unarmed Combat
 65546 | Snake:5  | Reached XP level 22. HP: 157/157 MP: 37/37
 65766 | Snake:5  | Got a serpentine rune of Zot
 66996 | Crypt:5  | Reached skill level 5 in Necromancy
 67006 | Crypt:5  | Noticed a lich
 67029 | Crypt:5  | Defeated a lich
 67283 | Crypt:5  | Found a basalt altar of Yredelemnul.
 67283 | Crypt:5  | Noticed an ancient lich
 67325 | Crypt:5  | Noticed Frederick
 67334 | Crypt:5  | Defeated an ancient lich
 67349 | Crypt:5  | Defeated Frederick
 67387 | Crypt:5  | Noticed a lich
 67409 | Crypt:5  | Defeated a lich
 67747 | Crypt:5  | Reached skill level 20 in Unarmed Combat
 68399 | Vault:5  | Found Kliczoax's Assorted Antiques.
 68713 | Vault:5  | Reached XP level 23. HP: 162/162 MP: 37/37
 68781 | Vault:5  | Found Feajoh's Jewellery Shoppe.
 68807 | Vault:5  | Found Ihaostae's Magic Scroll Boutique.
 68807 | Vault:5  | Found Shuov's Jewellery Boutique.
 68944 | Vault:5  | Bought the ring "Duemyto" {SustAb +Blink Int+2} for 700 gold pieces
 69112 | Vault:5  | Found Kaasudauji's Food Emporium.
 69837 | Elf:1    | Entered Level 1 of the Elven Halls
 69885 | Elf:1    | Got a glistering book
 69886 | Elf:1    | Identified the Catalogue of Lucky Unholy Secrets (You found it on level 1 of the Elven Halls)
 70995 | Elf:2    | Found Graupsat's General Store.
 71609 | Elf:3    | Noticed an orc knight
 71627 | Elf:3    | Defeated an orc knight
 71829 | Elf:3    | Reached skill level 1 in Shields
 72833 | Elf:4    | Found a shimmering altar of Xom.
 72864 | Elf:4    | Found Methecwegru's Magical Wand Shoppe.
 73505 | Elf:5    | Entered Level 5 of the Elven Halls
 73671 | Elf:5    | Got a distressingly furry robe
 73674 | Elf:5    | Identified the +1 robe "Siwkubel" (You found it on level 5 of the Elven Halls)
 74072 | Elf:5    | Noticed a deep elf blademaster
 74091 | Elf:5    | Defeated a deep elf blademaster
 74108 | Elf:5    | Noticed a deep elf blademaster
 74114 | Elf:5    | Noticed a deep elf master archer
 74130 | Elf:5    | Defeated a deep elf blademaster
 74337 | Elf:5    | Noticed a deep elf master archer
 74350 | Elf:5    | Defeated a deep elf master archer
 74542 | Elf:5    | Noticed a deep elf blademaster
 74552 | Elf:5    | Defeated a deep elf blademaster
 75334 | Elf:5    | Defeated a deep elf master archer
 75498 | Elf:5    | Reached XP level 24. HP: 159/167 MP: 39/39
 75516 | Elf:5    | Reached skill level 15 in Fighting
 75560 | Elf:5    | Got a rare book
 75563 | Elf:5    | Got a twitching iron ring
 75571 | Elf:5    | Identified the ring of the Thirteen Wars (You found it on level 5 of the Elven Halls)
 75572 | Elf:5    | Identified the Papyrus of Cloudy Talismans (You found it on level 5 of the Elven Halls)
 75577 | Elf:5    | Learned a level 2 spell: Swiftness
 75597 | Elf:5    | Got an inconspicuous book
 75598 | Elf:5    | Identified the Compendium of Orientation (You found it on level 5 of the Elven Halls)
 75658 | Elf:5    | Got an inconspicuous book
 75659 | Elf:5    | Identified the Catalogue of the Oath (You found it on level 5 of the Elven Halls)
 75686 | Elf:5    | Got a brightly glowing plate mail
 75688 | Elf:5    | Identified the +3 plate mail of Protective Custody (You took it off a deep elf death mage on level 5 of the Elven Halls)
 76842 | Vault:6  | Got a brightly glowing ring mail
 77002 | Vault:6  | Noticed a shining eye
 77028 | Vault:6  | Defeated a shining eye
 77804 | Vault:7  | Noticed a deep elf summoner
 77809 | Vault:7  | Defeated a deep elf summoner
 79118 | Vault:7  | Identified the cursed -1 ring mail of Inviolability (You found it on level 6 of the Vaults)
 79749 | Swamp:4  | Noticed Frances
 79762 | Swamp:4  | Defeated Frances
 79876 | Swamp:4  | Defeated Mennas
 80499 | Swamp:5  | Entered Level 5 of the Swamp
 81198 | Swamp:5  | Gained mutation: You are agile (Dex +3).
 81384 | Swamp:5  | Got a decaying rune of Zot
 82337 | D:19     | Found a blossoming altar of Fedhas.
 82352 | D:19     | Reached XP level 25. HP: 177/177 MP: 37/39
 82414 | D:20     | Entered Level 20 of the Dungeon
 82418 | D:20     | Reached skill level 5 in Evocations
 82796 | D:20     | Found Klaodaw's Weapon Emporium.
 83389 | D:21     | Found a one-way gate leading to the halls of Pandemonium.
 83450 | D:21     | Found a gateway to Hell.
 83547 | D:21     | Noticed a golden dragon
 83589 | D:21     | Defeated a golden dragon
 84451 | D:21     | Noticed a guardian serpent
 84456 | D:21     | Defeated a guardian serpent
 84482 | D:21     | Noticed a bone dragon
 84482 | D:21     | Noticed a shadow dragon
 84500 | D:21     | Defeated a shadow dragon
 84511 | D:21     | Defeated a bone dragon
 85872 | D:22     | Lost mutation: You are agile (Dex +3).
 85872 | D:22     | Lost mutation: You are agile (Dex +2).
 86019 | D:22     | Found a one-way gate to the infinite horrors of the Abyss.
 86334 | D:22     | Reached XP level 26. HP: 186/186 MP: 41/41
 86934 | D:23     | Found a magical portal.
 86980 | WizLab   | Entered Cigotuvi's Fleshworks
 87054 | WizLab   | Reached skill level 10 in Necromancy
 87265 | WizLab   | Got an engraved book
 87269 | WizLab   | Got a colourful book
 87271 | WizLab   | Identified Cigotuvi's Catalogue of Transmutation (You found it in Cigotuvi's Fleshworks)
 87271 | WizLab   | Identified Cigotuvi's Compendium of Transmutation (You found it in Cigotuvi's Fleshworks)
 87327 | WizLab   | Got a glittering bone amulet
 87328 | WizLab   | Identified the amulet of the Median (You found it in Cigotuvi's Fleshworks)
 89388 | D:24     | Found a gateway to a ziggurat.
 89685 | D:25     | Entered Level 25 of the Dungeon
 89935 | D:25     | Got a distressingly furry robe
 89936 | D:25     | Identified the cursed -4 robe "Boren" (You found it on level 25 of the Dungeon)
 90136 | D:25     | Paralysed by a giant eyeball for 4 turns
 90658 | D:26     | A deep troll changed into a shining eye
 90661 | D:26     | A shining eye changed into a pulsating lump
 90663 | D:26     | A pulsating lump changed into a sea snake
 90878 | D:26     | Noticed a guardian serpent
 90879 | D:26     | A guardian serpent changed into a swamp dragon
 91781 | D:27     | Entered Level 27 of the Dungeon
 91782 | D:27     | Found a gateway to a ziggurat.
 91885 | D:27     | Learned a level 4 spell: Flight
 91972 | D:27     | Reached XP level 27. HP: 184/192 MP: 42/42
 92363 | D:27     | Found a shimmering altar of Xom.
 92465 | D:27     | Reached skill level 5 in Traps & Doors
 92473 | D:27     | Reached skill level 5 in Charms
 92758 | D:27     | Reached skill level 1 in Maces & Flails
 92937 | D:27     | Found a glowing golden altar of the Shining One.
 93629 | Blade    | Entered the Hall of Blades
 94090 | Blade    | Noticed melmothX's ghost (mighty DEWz)
 94097 | Blade    | Defeated melmothX's ghost
 94137 | Blade    | Noticed Margery
 94146 | Blade    | Defeated Margery
 95069 | Hive:1   | Learned a level 6 spell: Haste
 95389 | Vault:7  | Learned a level 8 spell: Necromutation
 95393 | Vault:8  | Entered Level 8 of the Vaults
 95397 | Vault:8  | Noticed a deep elf sorcerer
 95441 | Vault:8  | Reached skill level 21 in Dodging
 95513 | Vault:8  | Defeated a deep elf sorcerer
 96293 | Vault:8  | A merfolk changed into a guardian serpent
 96301 | Vault:8  | Defeated a guardian serpent
 96370 | Vault:8  | Got a steaming iron ring
 96371 | Vault:8  | Identified the ring of Devotion (You acquired it on level 8 of the Vaults)
 96398 | Vault:8  | Noticed a shining eye
 96401 | Vault:8  | A shining eye changed into an anaconda
 96466 | Vault:8  | Noticed a deep elf high priest
 96471 | Vault:8  | Defeated a deep elf high priest
 96556 | Vault:8  | Noticed a deep elf high priest
 96556 | Vault:8  | Noticed a golden dragon
 96582 | Vault:8  | Defeated a golden dragon
 96593 | Vault:8  | Defeated a deep elf high priest
 97003 | Vault:8  | Noticed a quicksilver dragon
 97162 | Vault:8  | A merfolk changed into a pulsating lump
 97166 | Vault:8  | Defeated a quicksilver dragon
 97239 | Vault:8  | Noticed a deep elf high priest
 97249 | Vault:8  | Defeated a deep elf high priest
 97259 | Vault:8  | An azure jelly changed into a quicksilver dragon
 97266 | Vault:8  | A quicksilver dragon changed into a frost giant
 97505 | Vault:8  | Noticed an ancient lich
 97884 | Vault:8  | Defeated an ancient lich
 97928 | Vault:8  | Got a colourful book
 97929 | Vault:8  | Identified the Grimoire of Unholy Good Luck (You found it on level 8 of the Vaults)
 98014 | Vault:8  | A glowing shapeshifter changed into a shining eye
 98018 | Vault:8  | A shining eye changed into an eye of devastation
 98021 | Vault:8  | Noticed a deep elf death mage
 98026 | Vault:8  | Noticed a golden dragon
 98027 | Vault:8  | Found Ucwe's Jewellery Shoppe.
 98027 | Vault:8  | Noticed a shining eye
 98033 | Vault:8  | A shining eye changed into a giant orange brain
 98034 | Vault:8  | Defeated a deep elf death mage
 98482 | Vault:8  | Reached skill level 22 in Dodging
 98493 | Vault:8  | Defeated a golden dragon
 98528 | Vault:8  | Noticed a quicksilver dragon
 98547 | Vault:8  | Defeated a quicksilver dragon
 99020 | Vault:8  | Found Klatucku's Magical Wand Shoppe.
 99634 | Vault:8  | Bought the ring "Plec" {Str+1 Dex+4 Int+2 MP+9} for 1094 gold pieces
100536 | Vault:8  | Got a silver rune of Zot
101688 | Hive:1   | Got a flickering golden amulet
101690 | Hive:1   | Identified the amulet of Thott (You acquired it on level 1 of the Hive)
102005 | Hell     | Entered the Vestibule of Hell
102005 | Hell     | Noticed Geryon
102041 | Hell     | Defeated Geryon
102079 | Hell     | Found a gateway to the ashen valley of Gehenna.
102080 | Hell     | Reached skill level 10 in Stabbing
102134 | Hell     | Found a gateway to the freezing wastes of Cocytus.
102265 | Hell     | Reached skill level 5 in Shields
102300 | Hell     | Found a gateway to the decaying netherworld of Tartarus.
102368 | Hell     | Noticed Murray
102405 | Hell     | Defeated Murray
103346 | D:21     | Noticed a deep elf mage
103352 | D:21     | Defeated a deep elf mage
103692 | Hell     | Found a gateway to the Iron City of Dis.
104370 | Zot:1    | Entered Level 1 of the Realm of Zot
105800 | Zot:2    | Reached skill level 23 in Dodging
108758 | Zot:5    | Entered Level 5 of the Realm of Zot
108765 | Zot:5    | Got a crude helmet
109561 | Hive:1   | Identified the +1 helmet of the Sky (You found it on level 5 of the Realm of Zot)
109592 | Hive:1   | Learned a level 4 spell: Control Teleport
110587 | Zot:5    | Noticed an ancient lich
110595 | Zot:5    | Noticed an orb of fire
110596 | Zot:5    | Noticed an ancient lich
110626 | Zot:5    | Defeated an orb of fire
110634 | Zot:5    | Defeated an ancient lich
110687 | Zot:5    | Reached skill level 24 in Unarmed Combat
110691 | Zot:5    | Defeated an ancient lich
110824 | Zot:5    | Gained mutation: You are dopey (Int -1).
111175 | Zot:5    | Noticed an orb of fire
111197 | Zot:5    | Gained mutation: Your magical capacity is low (-10% MP).
111198 | Zot:5    | Noticed an orb of fire
111212 | Zot:5    | Defeated an orb of fire
111228 | Zot:5    | Defeated an orb of fire
111446 | Zot:5    | Noticed an orb of fire
111457 | Zot:5    | Noticed an ancient lich
111461 | Zot:5    | Defeated an orb of fire
111465 | Zot:5    | Paralysed by an ancient lich for 6 turns
111474 | Zot:5    | HP: 10/208 [Orb Guardian (7)]
111475 | Zot:5    | HP: 2/208 [Shadow Fiend/bolt of negative energy[an ancient lich] (23)]
111476 | Zot:5    | Mangled by an Orb Guardian
